 Dungeon Crawl Stone Soup version 0.25.1-2-g60ff931df9 (webtiles) character file.

Game seed: 12756625721839811176

344354 Peloso the Hoplite (level 21, 0/203 HPs)
             Began as a Minotaur Fighter on Aug 5, 2020.
             Was the Champion of Okawaru.
             Killed from afar by a fire giant (19 damage)
             ... with a fireball
             ... on level 3 of the Vaults.
             The game lasted 02:41:39 (61560 turns).

Peloso the Hoplite (Minotaur Fighter)              Turns: 61560, Time: 02:41:40

Health: 0/203      AC: 29    Str: 34    XL:     21   Next: 15%
Magic:  23/23      EV: 16    Int:  5    God:    Okawaru [******]
Gold:   5343       SH: 19    Dex: 32    Spells: 20/20 levels left

rFire    + . .     SeeInvis .   a - +9 double sword (flame)
rCold    + . .     Gourm    .   P - +6 buckler "Ojuahar" {Dex+3}
rNeg     . . .     Faith    +   G - +4 plate armour of Dyduasar {+Fly rElec MR+}
rPois    .         Spirit   .   p - +2 hat of the Eternal Fruit {rElec Dex+3}
rElec    +         Reflect  .   D - scarf {rC+ rF+}
rCorr    .         Harm     .   I - +0 pair of gloves {Str+3}
MR       +++..                  E - +2 pair of boots {run}
Stlth    ..........             B - amulet of faith
HPRegen  0.43/turn              Y - ring "Ubluad" {rElec MR+ Dex+6}
MPRegen  0.18/turn              V - ring of Tixtuf {Str+4 Dex+6}

@: quick
A: retaliatory headbutt, horns 2
}: 2/15 runes: decaying, gossamer
a: Heroism, Finesse, Renounce Religion, Evoke Flight


You were on level 3 of the Vaults.
You worshipped Okawaru.
Okawaru was exalted by your worship.
You were hungry.

You visited 8 branches of the dungeon, and saw 38 of its levels.
You also visited: Gauntlet and Ice Cave.

You collected 5995 gold pieces.
You spent 652 gold pieces at shops.

Inventory:

Hand Weapons
 a - a +9 double sword of flaming (weapon)
 b - the +10 zealot's sword {holy, *Rage rN+ EV+3}
   (Okawaru gifted it to you on level 2 of the Swamp)

   It has been blessed by the Shining One to cause great damage to the undead
   and demons.
   It affects your evasion (+3).
   It protects you from negative energy.
   It may make you go berserk in combat.
 H - the +7 hand crossbow of Muuheo {penet, Str+2 Dex+3}
   (You found it on level 3 of the Elven Halls)

   Ammo fired by it will pass through the targets it hits, potentially hitting
   all targets in its path until it reaches maximum range.
   It affects your strength (+2).
   It affects your dexterity (+3).
Missiles
 v - 586 bolts
Armour
 p - the +2 hat of the Eternal Fruit (worn) {rElec Dex+3}
   (You found it in a Gauntlet)

   It affects your dexterity (+3).
   It insulates you from electricity.
 D - a scarf of resistance (worn)
 E - a +2 pair of boots of running (worn)
 G - the +4 plate armour of Dyduasar (worn) {+Fly rElec MR+}
   (You found it on level 8 of the Dungeon)

   It insulates you from electricity.
   It affects your resistance to hostile enchantments.
   It lets you fly.
 I - a +0 pair of gloves of strength (worn)
 N - a +2 pair of boots of flying
 P - the +6 buckler "Ojuahar" (worn) {Dex+3}
   (You found it in an ice cave)

   It affects your dexterity (+3).
Jewellery
 z - an uncursed ring of see invisible
 B - an amulet of faith (around neck)
 C - the ring "Kulovir" {MR+ Stlth+}
   (You took it off a deep elf death mage on level 3 of the Elven Halls)

   [ring of protection from magic]

   It affects your resistance to hostile enchantments.
   It makes you more stealthy.
 O - an uncursed ring of poison resistance
 V - the ring of Tixtuf (right hand) {Str+4 Dex+6}
   (You found it on level 1 of the Vaults)

   [ring of dexterity]

   It affects your strength (+4).
   It affects your dexterity (+6).
 Y - the ring "Ubluad" (left hand) {rElec MR+ Dex+6}
   (You found it in an ice cave)

   [ring of protection from magic]

   It affects your dexterity (+6).
   It insulates you from electricity.
   It affects your resistance to hostile enchantments.
Wands
 h - a wand of clouds (5)
 k - a wand of flame (8)
Scrolls
 e - 19 scrolls of remove curse
 g - 20 scrolls of identify
 i - 4 scrolls of magic mapping
 j - 11 scrolls of teleportation
 n - 5 scrolls of fear
 s - 8 scrolls of fog
 w - 5 scrolls of enchant weapon
 x - 4 scrolls of enchant armour
 y - 4 scrolls of summoning
 A - 2 scrolls of noise
 J - 4 scrolls of blinking
 R - a scroll of brand weapon
 S - a scroll of acquirement
Potions
 d - 9 potions of might
 m - 10 potions of flight
 o - 4 potions of mutation
 t - 15 potions of curing
 F - 2 potions of resistance
 L - a potion of brilliance
 T - 6 potions of haste
 U - 3 potions of berserk rage
Comestibles
 c - 2 chunks of flesh
 f - 57 rations


   Skills:
 + Level 20.8 Fighting
 + Level 21.7 Long Blades
 + Level 18.1 Armour
 + Level 6.5 Dodging
 + Level 3.2 Stealth
 + Level 24.1 Shields
 + Level 4.0 Invocations
 + Level 1.5 Evocations


You had 20 spell levels left.
You didn't know any spells.
Your spell library contained the following spells:

 Spells                   Type           Power        Failure   Level  Hunger
 Animate Skeleton         Necr           N/A          90%         1    ##.....
 Corona                   Hex            #......      90%         1    ##.....
 Infusion                 Chrm           #...         90%         1    ##.....
 Magic Dart               Conj           #...         90%         1    ##.....
 Pain                     Necr           #...         90%         1    ##.....
 Sting                    Tmut/Pois      #...         90%         1    ##.....
 Summon Small Mammal      Summ           #...         90%         1    ##.....
 Blink                    Tloc           N/A          97%         2    ###....
 Call Imp                 Summ           #.......     97%         2    ###....
 Corpse Rot               Necr/Air       N/A          97%         2    ###....
 Ensorcelled Hibernation  Hex/Ice        #.....       97%         2    ###....
 Poisonous Vapours        Pois/Air       #.....       97%         2    ###....
 Shroud of Golubria       Chrm/Tloc      #.....       97%         2    ###....
 Slow                     Hex            #.......     97%         2    ###....
 Sublimation of Blood     Necr           #.........   97%         2    ###....
 Swiftness                Chrm/Air       #.......     97%         2    ###....
 Call Canine Familiar     Summ           #.......     99%         3    ####...
 Confusing Touch          Hex            #.......     99%         3    ####...
 Conjure Flame            Conj/Fire      #.......     99%         3    ####...
 Dazzling Flash           Conj/Hex       #.....       99%         3    ####...
 Frozen Ramparts          Ice            #.....       99%         3    ####...
 Ignite Poison            Fire/Tmut/Pois #.......     99%         3    ####...
 Mephitic Cloud           Conj/Pois/Air  #.......     99%         3    ####...
 Ozocubu's Armour         Chrm/Ice       #.......     99%         3    ####...
 Recall                   Summ/Tloc      N/A          99%         3    ####...
 Spectral Weapon          Hex/Chrm       #.......     99%         3    ####...
 Summon Guardian Golem    Hex/Summ       #.......     99%         3    ####...
 Tukima's Dance           Hex            #.......     99%         3    ####...
 Vampiric Draining        Necr           #.........   99%         3    ####...
 Animate Dead             Necr           N/A          100%        4    #####..
 Cause Fear               Hex            #.........   100%        4    #####..
 Dispel Undead            Necr           #.......     100%        4    #####..
 Hailstorm                Conj/Ice       #.......     100%        4    #####..
 Leda's Liquefaction      Hex/Erth       #.........   100%        4    #####..
 Olgreb's Toxic Radiance  Pois           #.......     100%        4    #####..
 Summon Ice Beast         Ice/Summ       #.......     100%        4    #####..
 Summon Lightning Spire   Summ/Air       #.......     100%        4    #####..
 Agony                    Necr           #.......     100%        5    ######.
 Borgnjor's Vile Clutch   Necr/Erth      #.........   100%        5    ######.
 Excruciating Wounds      Chrm/Necr      #.........   100%        5    ######.
 Irradiate                Conj/Tmut      #.........   100%        5    ######.
 Iskenderun's Battlesphe  Conj/Chrm      #.......     100%        5    ######.
 Lee's Rapid Deconstruct  Erth           #.........   100%        5    ######.
 Metabolic Englaciation   Hex/Ice        #.........   100%        5    ######.
 Summon Mana Viper        Hex/Summ       #.......     100%        5    ######.
 Death Channel            Necr           #.........   100%        6    #######
 Hydra Form               Tmut           #.........   100%        6    #######
 Ozocubu's Refrigeration  Ice            #.........   100%        6    #######
 Simulacrum               Ice/Necr       #.........   100%        6    #######
 Statue Form              Tmut/Erth      #........    100%        6    #######
 Dragon Form              Tmut           #.........   100%        7    #######
 Ring of Flames           Chrm/Fire      #.........   100%        7    #######


Dungeon Overview and Level Annotations

Branches:
Dungeon (15/15)            Temple (1/1) D:4            Lair (6/6) D:9
  Swamp (4/4) Lair:4       Spider (4/4) Lair:2        Slime (0/5) Lair:6
    Orc (2/2) D:11            Elf (3/3) Orc:2        Vaults (3/5) D:14
  Crypt (0/3) Vaults:3     Depths (0/5) D:15          IceCv (visited)
Gauntlet (visited)

Altars:
Ashenzari
Cheibriados
Dithmenos
Elyvilon
Fedhas
Gozag
Hepliaklqana
Kikubaaqudgha
Makhleb
Nemelex Xobeh
Okawaru
Qazlal
Ru
Sif Muna
Trog
Uskayaw
Vehumet
Wu Jian
Xom
Yredelemnul
Zin
The Shining One
Beogh

Shops:
D:4 [   Orc:1 (   Orc:2 =*[(   Elf:3 [(**   Vaults:1 =

Portals:
Trove: Elf:1 (give 20 potions of curing)

Annotations:
D:4 1 runed translucent door, ruphz's ghost, novice GrEE


Innate Abilities, Weirdness & Mutations

You reflexively headbutt those who attack you in melee.
You have a pair of horns on your head.


Message History

The vault sentinel blows a loud note on a signal horn!
The great orb of eyes bites you but does no damage.
Unknown command.
The vault warden blocks your attack. x2
The vault warden is severely wounded.
You block the redback's attack.
The boggart casts a spell.
The vault warden hits you with a +0 war axe.
* * * LOW HITPOINT WARNING * * *
Unknown command.
The vault warden blocks your attack.
Your headbutt misses the vault warden.
The vault warden is severely wounded.
Your surroundings suddenly seem different.
A fire giant comes into view.
It is wielding a +1 great sword of flaming.
The fire giant shouts!
Found 41 gold pieces.
Found a stone staircase leading down.
Unknown command.
The fire giant points at you and mumbles some strange words.
The fireball explodes!
The fireball engulfs you!! You resist.
You die...

#..###..#
#####################.
........# ######## #.
####...## #......# #.
.)))...# #......#
#######**## ≈≈≈≈.#.##
#$.....# #.....#,,,,
≈≈≈≈.#..# #...>..#
*.....##,,, ≈≈≈≈.#..#
#......# ***#...##,,
≈≈≈≈.#.## #......#
*,,*#...#++ .......#
#..@...# *,,,+......
####...## #..C...#
*,,,+...... ........#
#......# *,,##....).
#..###..# #......#
####..###.. #### ####
#......# #....##.##.
#......# #..e.#...#W
#########****#+######
#...rg...'.
......#..,,,,,,*
#.seO#...#.
#.....#..,,,**,*
#rosG##/##.


You could see a fire giant.

Vanquished Creatures
  Jory (Vaults:3)
  A bone dragon (Swamp:4)
  Arachne (Spider:3)
  A tentacled monstrosity (Swamp:3)
  Jorgrun (D:13)
  Asterion (Spider:2)
  2 deep elf master archers (Elf:3)
  A deep elf blademaster (Elf:3)
  Gastronok (D:11)
  A sphinx (Vaults:3)
  Kirke (Lair:6)
  Donald (Spider:2)
  2 thorn hunters (Swamp:4)
  The ghost of Matygoc the Slicer, an adept HaSk of Okawaru (Swamp:2)
  A fire giant (Vaults:3)
  A frost giant (IceCv)
  4 ghost moths (Spider:4)
  4 vault wardens (Vaults:2)
  An orc warlord (Orc:1)
  8 deep elf sorcerers
  A deep elf elementalist (Elf:3)
  Louise (Swamp:4)
  Aizul (Spider:3)
  2 ironheart preservers
  6 emperor scorpions
  3 stone giants
  2 entropy weavers
  Nessos (D:14)
  2 very ugly things (Vaults:2)
  7 deep elf annihilators (Elf:3)
  8 deep elf demonologists
  A minotaur (Gauntlet)
  14 deep elf death magi
  2 ettins
  4 fire dragons
  Erolcha (D:9)
  4 deep elf high priests (Elf:3)
  6 ogre magi
  A great orb of eyes (Vaults:3)
  8 yaktaur captains
  2 ice dragons
  Harold (Lair:1)
  4 rakshasas
  16 hydras
  3 catoblepae (Lair:6)
  2 ghost crabs (Swamp:4)
  5 centaur warriors
  2 shambling mangroves
  26 two-headed ogres
  33 dancing weapons
  20 death yaks
  15 alligators
  3 orc high priests
  A tengu warrior (D:15)
  Nergalle (Orc:1)
  23 deep elf knights
  4 large abominations (Elf:1)
  A small abomination (Elf:3)
  5 skeletal warriors
  A death drake (Swamp:4)
  A glowing orange brain (Vaults:2)
  7 unseen horrors
  A deep troll (D:14)
  A wizard (Vaults:3)
  An obsidian statue (Gauntlet)
  3 spriggan druids
  2 spectral hydras (Swamp:4)
  15 deep elf archers
  2 phantasmal warriors (Swamp:4)
  3 ironbrand convokers (Vaults:3)
  A harpy (Vaults:2)
  6 manticores
  9 orc knights
  19 orb spiders
  2 oklob plants
  4 orc sorcerers
  A fire giant zombie (Vaults:1)
  9 necromancers
  36 wolf spiders
  24 ugly things
  52 deep elf magi
  2 wolf spider zombies
  A moth of wrath (Spider:4)
  4 cyclopes
  A frost giant zombie (Vaults:1)
  2 centaur zombies
  6 elephants (Lair:5)
  Joseph (D:10)
  3 black mambas
  6 vault sentinels
  A gargoyle (D:12)
  6 centaur skeletons
  11 spiny frogs
  3 torpor snails
  An ice statue (IceCv)
  6 komodo dragons
  A kobold demonologist (D:11)
  6 freezing wraiths
  4 swamp worm zombies (Swamp:4)
  3 rime drakes
  15 yaktaurs
  6 demonic crawlers
  2 efreet
  3 hydra zombies (Swamp:4)
  A tengu conjurer (D:15)
  A queen bee (D:10)
  16 polar bears
  7 trolls
  3 meliai
  26 hornets
  36 jumping spiders
  3 tyrant leeches
  A hornet (shapeshifter) (Elf:1)
  18 blink frogs
  6 alligator zombies
  2 dream sheep (Lair:5)
  A meliai zombie (D:14)
  10 bog bodies
  14 slime creatures
  A fire giant simulacrum (Vaults:2)
  A human simulacrum (Vaults:1)
  10 hippogriffs
  3 spectral swamp dragons (Swamp:4)
  12 flying skulls (Gauntlet)
  4 shadows
  39 tarantellas
  58 redbacks
  9 spriggans
  3 water elementals
  3 air elementals
  5 hogs
  5 fire elementals
  4 wraiths
  65 yaks
  3 wyverns
  23 vampire mosquitoes
  4 basilisks
  A fire bat (shapeshifter) (D:13)
  5 hungry ghosts
  A soldier ant (D:14)
  9 wargs
  15 insubstantial wisps
  A naga (shapeshifter) (Vaults:1)
  3 acid dragons
  22 swamp worms
  A floating eye (shapeshifter) (Vaults:2)
  An ogre skeleton (Vaults:1)
  13 water moccasins
  11 porcupines
  40 orc warriors
  3 hornet zombies
  6 swamp drakes
  A human zombie (Vaults:1)
  3 swamp dragon zombies (Swamp:4)
  2 necrophages
  2 ice beasts
  4 sky beasts
  24 ogres
  3 black bears
  14 centaurs
  43 wolves
  11 phantoms
  3 boggarts (Vaults:3)
  An eye of draining (D:13)
  8 crocodiles
  5 big kobolds
  An elf simulacrum (Vaults:1)
  A komodo dragon zombie (Swamp:2)
  An elf zombie (Elf:1)
  14 bullfrogs
  An earth elemental (Elf:2)
  A wyvern skeleton (D:12)
  4 scorpions
  5 wights (D:13)
  17 killer bees
  2 howler monkeys
  An electric eel (Spider:4)
  8 crimson imps
  A bullfrog zombie (D:11)
  3 jellies
  3 hounds
  32 orc wizards
  24 orc priests
  A gnoll shaman (D:5)
  Crazy Yiuf (D:2)
  5 iguanas
  Natasha (thrice) (D:3)
  3 spectral swamp drakes (Swamp:4)
  9 worker ants
  A killer bee zombie (D:7)
  A hound zombie (D:10)
  A worker ant zombie (D:5)
  3 gnolls (D:5)
  13 adders
  3 shadow imps
  A white imp (Vaults:1)
  3 worms
  2 dart slugs
  9 leopard geckos
  107 orcs
  5 giant cockroaches
  3 goblins
  10 hobgoblins
  5 jackals
  2 quokkas
  6 bats
  7 frilled lizards
  15 kobolds
  8 rats
  2 briar patches (Swamp:4)
  A crawling corpse (Elf:1)
  2 plants
1575 creatures vanquished.

Vanquished Creatures (others)
  A hydra (Swamp:4)
  A deep elf knight (Elf:2)
  An unseen horror (D:14)
  A spriggan druid (Swamp:4)
  A wizard (D:3)
  An orb spider (Spider:4)
  A jumping spider (Spider:1)
  A water elemental (Elf:3)
  A spriggan (Swamp:4)
  2 orc wizards (Orc:2)
  An orc (Vaults:2)
  6 kobolds (D:9)
  3 fungi (D:9)
  12 plants
33 creatures vanquished.

Grand Total: 1608 creatures vanquished

Notes
Turn   | Place    | Note
-------+----------+-------------------------------------------
     0 | D:1      | Peloso the Minotaur Fighter began the quest for the Orb.
     0 | D:1      | Reached XP level 1. HP: 19/19 MP: 0/0
   185 | D:1      | Reached XP level 2. HP: 27/27 MP: 1/1
   616 | D:2      | Reached skill level 4 in Shields
   635 | D:2      | Reached XP level 3. HP: 33/33 MP: 2/2
   719 | D:2      | Found a blossoming altar of Fedhas.
  1193 | D:2      | Found a runed translucent door.
  1194 | D:2      | Noticed Crazy Yiuf
  1326 | D:3      | Reached XP level 4. HP: 40/40 MP: 3/3
  1326 | D:3      | Noticed Natasha
  1332 | D:3      | Killed Natasha
  1465 | D:3      | Noticed Natasha
  1470 | D:4      | Noticed a centaur
  1480 | D:4      | Killed a centaur
  1480 | D:4      | Reached skill level 1 in Dodging
  1480 | D:4      | Reached skill level 5 in Shields
  1480 | D:4      | Reached XP level 5. HP: 15/46 MP: 4/4
  1704 | D:3      | Killed Natasha
  1885 | D:3      | Noticed Natasha
  1897 | D:3      | Killed Natasha
  1897 | D:3      | Reached XP level 6. HP: 52/53 MP: 5/5
  1915 | D:3      | Reached skill level 5 in Long Blades
  2020 | D:3      | Found a bloodstained altar of Trog.
  2022 | D:3      | Noticed a wizard
  2028 | D:3      | Killed a wizard
  2520 | D:4      | Found a staircase to the Ecumenical Temple.
  2537 | Temple   | Entered the Ecumenical Temple
  2559 | D:4      | Found an iron altar of Okawaru.
  2574 | D:4      | Became a worshipper of Warmaster Okawaru
  2684 | D:4      | Reached skill level 5 in Armour
  2836 | D:4      | Found Ohyfar's Antique Armour Shoppe.
  2864 | D:4      | Found a runed translucent door.
  2865 | D:4      | Noticed ruphz's ghost (novice GrEE)
  2980 | D:4      | Reached XP level 7. HP: 57/60 MP: 6/6
  3416 | D:2      | Killed Crazy Yiuf
  3508 | D:5      | Entered Level 5 of the Dungeon
  3656 | D:4      | Reached * piety under Okawaru
  3906 | D:5      | Found an ornate altar of the Wu Jian Council.
  4060 | D:5      | Found a glowing silver altar of Zin.
  4061 | D:5      | Found an opulent altar of Gozag.
  4142 | D:5      | Reached skill level 6 in Shields
  4153 | D:5      | Reached skill level 5 in Fighting
  4560 | D:6      | Reached XP level 8. HP: 67/68 MP: 7/7
  5007 | D:6      | Reached skill level 1 in Stealth
  5013 | D:6      | Reached ** piety under Okawaru
  5810 | D:8      | Reached skill level 7 in Shields
  6506 | D:8      | Reached XP level 9. HP: 57/74 MP: 8/8
  6742 | D:8      | Got a jewelled plate armour
  6753 | D:8      | Identified the +4 plate armour of Dyduasar {+Fly rElec MR+}
                  | (You found it on level 8 of the Dungeon)
  7761 | D:8      | Reached *** piety under Okawaru
  7883 | D:9      | Reached skill level 8 in Shields
  7893 | D:9      | Reached skill level 10 in Long Blades
  8093 | D:9      | Noticed an efreet
  8113 | D:9      | Killed an efreet
  8113 | D:9      | Reached **** piety under Okawaru
  8113 | D:9      | Reached skill level 1 in Invocations
  8113 | D:9      | Reached XP level 10. HP: 30/85 MP: 7/9
  8421 | D:9      | Found a staircase to the Lair.
  8467 | D:9      | Reached skill level 9 in Shields
  8513 | D:9      | Found a glowing golden altar of the Shining One.
  8542 | D:9      | Reached ***** piety under Okawaru
  8836 | D:9      | Noticed Erolcha
  8862 | D:9      | Killed Erolcha
  8862 | D:9      | Received a gift from Okawaru
  8863 | D:9      | Received a gift from Okawaru
  8987 | D:9      | Got a warped kite shield {god gift}
  8993 | D:9      | Identified the +6 kite shield of Grace {Str+6 Int-5 Slay-6}
                  | (Okawaru gifted it to you on level 9 of the Dungeon)
  8993 | D:9      | Lost intelligence.
  9044 | D:9      | Found a radiant altar of Vehumet.
  9294 | D:10     | Entered Level 10 of the Dungeon
  9298 | D:10     | Noticed Joseph
  9323 | D:10     | Killed Joseph
  9329 | D:10     | Reached XP level 11. HP: 85/96 MP: 8/11
  9478 | D:10     | Reached skill level 10 in Shields
 10173 | D:10     | Noticed an unseen horror
 10182 | D:10     | Found a radiant altar of Vehumet.
 10186 | D:10     | Killed an unseen horror
 10273 | D:10     | Reached skill level 11 in Shields
 10594 | D:11     | Received a gift from Okawaru
 10650 | D:11     | Reached skill level 10 in Fighting
 10692 | D:11     | Got an ichor-stained scimitar {god gift}
 10693 | D:11     | Identified the +4 scimitar of Okawaru's Pride {protect,
                  | *Rage rElec rF+} (Okawaru gifted it to you on level 11 of
                  | the Dungeon)
 10751 | D:11     | Noticed Gastronok
 10759 | D:11     | Killed Gastronok
 10759 | D:11     | Reached skill level 10 in Armour
 10860 | D:11     | Paralysed by a hornet for 3 turns
 10930 | D:11     | Noticed an unseen horror
 10943 | D:11     | Killed an unseen horror
 11040 | D:11     | Reached XP level 12. HP: 104/106 MP: 12/12
 11598 | D:11     | Found a staircase to the Orcish Mines.
 11772 | Lair:1   | Entered Level 1 of the Lair of Beasts
 11777 | Lair:1   | Noticed a four-headed hydra
 11785 | Lair:1   | Killed a two-headed hydra
 11785 | Lair:1   | Received a gift from Okawaru
 11798 | Lair:1   | Noticed Harold
 11811 | Lair:1   | Killed Harold
 11811 | Lair:1   | Reached skill level 12 in Shields
 12350 | Lair:2   | Noticed a four-headed hydra
 12360 | Lair:2   | Killed a one-headed hydra
 13013 | Lair:2   | Reached ****** piety under Okawaru
 13150 | Lair:2   | You fall into a shaft and drop 2 floors!
 13207 | Lair:4   | Reached skill level 15 in Long Blades
 13209 | Lair:4   | Received a gift from Okawaru
 13930 | Lair:4   | Reached skill level 13 in Shields
 14083 | Lair:4   | Found a staircase to the Swamp.
 14083 | Lair:4   | Noticed an eight-headed hydra
 14083 | Lair:4   | Noticed a four-headed hydra
 14097 | Lair:4   | Killed a three-headed hydra
 14099 | Lair:4   | Killed a one-headed hydra
 14727 | Lair:4   | Found a white marble altar of Elyvilon.
 14802 | Lair:3   | Reached XP level 13. HP: 116/116 MP: 13/13
 14915 | Lair:3   | Found a frozen archway.
 14926 | IceCv    | Entered an ice cave
 15125 | IceCv    | Received a gift from Okawaru
 15742 | IceCv    | Noticed a frost giant
 15772 | IceCv    | Killed a frost giant
 15772 | IceCv    | Received a gift from Okawaru
 15772 | IceCv    | Reached skill level 14 in Shields
 16086 | IceCv    | Got a scorched chain mail {god gift}
 16111 | IceCv    | Got a jewelled buckler
 16117 | IceCv    | Identified the +6 buckler "Ojuahar" {Dex+3} (You found it
                  | in an ice cave)
 16139 | IceCv    | Got a steaming silver ring
 16153 | IceCv    | Identified the +1 chain mail of Toum {Harm SInv} (Okawaru
                  | gifted it to you in an ice cave)
 16164 | IceCv    | Identified the ring "Ubluad" {rElec MR+ Dex+6} (You found
                  | it in an ice cave)
 16670 | Lair:2   | Found a hole to the Spider Nest.
 17592 | Orc:1    | Entered Level 1 of the Orcish Mines
 17603 | Orc:1    | Noticed an ettin
 17615 | Orc:1    | Killed an ettin
 18017 | Orc:1    | Found Obomap's Antique Weapon Shop.
 18020 | Orc:1    | Reached XP level 14. HP: 129/129 MP: 14/14
 18621 | Orc:2    | Entered Level 2 of the Orcish Mines
 18859 | Orc:2    | Received a gift from Okawaru
 18862 | Orc:2    | Got a shimmering chain mail {god gift}
 18873 | Orc:2    | Identified the +1 chain mail "Beajeu" {MR+} (Okawaru gifted
                  | it to you on level 2 of the Orcish Mines)
 19022 | Orc:2    | Found a staircase to the Elven Halls.
 19039 | Orc:2    | Noticed Nergalle
 19040 | Orc:2    | Noticed an orc warlord
 19228 | Orc:2    | Reached skill level 15 in Shields
 19324 | Orc:1    | Killed Nergalle
 19515 | Orc:2    | HP: 5/129 [orc knight/+1 halberd of freezing (5)]
 20641 | Orc:2    | HP: 5/129 [orc warlord/+0 war axe (33)]
 21312 | Orc:1    | Killed an orc warlord
 21720 | Orc:2    | Found a roughly hewn altar of Beogh.
 22106 | Orc:2    | Found Hocwont's General Store.
 22123 | Orc:2    | Found Bedohew's Antique Weapon Shoppe.
 22465 | Orc:2    | Found Koostr Siff's Antique Armour Shoppe.
 22481 | Orc:2    | Found Ashreniff's Jewellery Shoppe.
 22630 | Orc:2    | Bought a glowing double sword for 342 gold pieces
 24381 | Lair:4   | Reached skill level 16 in Shields
 25146 | Lair:5   | Received a gift from Okawaru
 25661 | Lair:5   | Reached XP level 15. HP: 138/138 MP: 15/15
 25721 | Lair:5   | Found an iron altar of Okawaru.
 25954 | Lair:6   | Entered Level 6 of the Lair of Beasts
 26297 | D:12     | Reached skill level 5 in Dodging
 26960 | D:13     | Found a gate leading to a gauntlet.
 26988 | Gauntlet | Entered a Gauntlet
 26988 | Gauntlet | Found a transporter.
 26989 | Gauntlet | Found a runed translucent door.
 26991 | Gauntlet | Found a transporter.
 26992 | Gauntlet | Found a transporter.
 26995 | Gauntlet | Found a transporter.
 26996 | Gauntlet | Found a transporter.
 26997 | Gauntlet | Found a transporter.
 27010 | Gauntlet | Found a transporter.
 27041 | Gauntlet | Found a transporter.
 27041 | Gauntlet | Found a transporter.
 27044 | Gauntlet | Found a transporter.
 27069 | Gauntlet | Found a transporter.
 27128 | Gauntlet | Found a transporter.
 27154 | Gauntlet | Found a runed translucent door.
 27240 | Gauntlet | Got a twisted hat
 27251 | Gauntlet | Identified the +2 hat of the Eternal Fruit {rElec Dex+3}
                  | (You found it in a Gauntlet)
 27281 | Gauntlet | Got a bound bronze ring
 27283 | Gauntlet | Identified the ring "Guuj" {rN+ MR- Int+4 SInv} (You found
                  | it in a Gauntlet)
 27314 | Gauntlet | Identified Acor's Reference Book on Protection
 27321 | Gauntlet | Identified the Reference Book on Creative Cold
 27789 | D:13     | Noticed Jorgrun
 27799 | D:13     | Killed Jorgrun
 27799 | D:13     | Reached skill level 17 in Shields
 27840 | D:13     | Received a gift from Okawaru
 28112 | D:13     | Got a fine hand crossbow
 28325 | D:13     | Identified the +1 hand crossbow of Beuzxo {speed, rF+} (You
                  | found it on level 13 of the Dungeon)
 28397 | D:14     | Noticed Nessos
 28504 | D:14     | Killed Nessos
 28504 | D:14     | Reached skill level 1 in Evocations
 28708 | D:14     | Found an opulent altar of Gozag.
 28966 | D:14     | Identified a scroll of acquirement
 28967 | D:14     | Acquired 650 gold pieces
 29100 | D:14     | Reached skill level 15 in Fighting
 29253 | D:15     | Entered Level 15 of the Dungeon
 29978 | D:14     | Received a gift from Okawaru
 30486 | D:14     | Reached XP level 16. HP: 144/149 MP: 17/17
 30502 | D:14     | Reached skill level 18 in Shields
 31501 | Lair:6   | Noticed Kirke
 31577 | Lair:6   | Killed Kirke
 32635 | Lair:6   | Got a brightly glowing dagger
 32747 | Lair:6   | Found a staircase to the Slime Pits.
 33344 | D:14     | Found a gate to the Vaults.
 33764 | D:15     | Found a staircase to the Depths.
 33957 | D:15     | Identified the +3 dagger "Acheilewaz" {vorpal, rF++ rN+++
                  | Dex-5} (You found it on level 6 of the Lair of Beasts)
 34359 | Elf:1    | Entered Level 1 of the Elven Halls
 34398 | Elf:1    | Received a gift from Okawaru
 34842 | Elf:1    | Reached skill level 15 in Armour
 35435 | Elf:1    | Received a gift from Okawaru
 35487 | Elf:1    | Identified the Reference Book on Sinister Rituals
 35612 | Elf:1    | Found a portal to a secret trove of treasure.
 35831 | Elf:2    | Reached skill level 19 in Shields
 36019 | Elf:2    | Received a gift from Okawaru
 36131 | Elf:2    | Reached XP level 17. HP: 160/160 MP: 18/18
 36161 | Elf:2    | Found a huge runed translucent gate.
 36161 | Elf:2    | Found a huge runed translucent gate.
 36164 | Elf:2    | Found a huge runed translucent gate.
 36165 | Elf:2    | Found a huge runed translucent gate.
 36166 | Elf:2    | Found a huge runed translucent gate.
 37000 | Elf:3    | Entered Level 3 of the Elven Halls
 37044 | Elf:3    | Found Sarefots's General Store.
 37049 | Elf:3    | Found Eggiofei's General Store.
 37058 | Elf:3    | Bought a potion of heal wounds for 90 gold pieces
 37058 | Elf:3    | Bought a potion of mutation for 144 gold pieces
 37134 | Elf:3    | Found Isho's Armour Emporium.
 37251 | Elf:3    | Received a gift from Okawaru
 37580 | Elf:3    | Found Qusaaroe's Antique Weapon Shop.
 37847 | Swamp:1  | Entered Level 1 of the Swamp
 38043 | Swamp:1  | Paralysed by a hornet for 1 turns
 38480 | Swamp:1  | Reached skill level 20 in Shields
 39110 | Swamp:2  | Received a gift from Okawaru
 39111 | Swamp:2  | Found the +10 zealot's sword {holy, *Rage rN+ EV+3}
 39451 | Swamp:2  | Identified the cursed +0 robe of the Ward {rElec Str-3
                  | Dex+7 SInv}
 39541 | Swamp:2  | Found a runed translucent gate.
 39542 | Swamp:2  | Found a runed translucent gate.
 39543 | Swamp:2  | Found a runed translucent gate.
 39556 | Swamp:2  | Noticed Matygoc's ghost (adept HaSk)
 40233 | Swamp:2  | Killed Matygoc's ghost
 40432 | Swamp:3  | Noticed a tentacled monstrosity
 40443 | Swamp:3  | Killed a tentacled monstrosity
 40443 | Swamp:3  | Received a gift from Okawaru
 40450 | Swamp:3  | Got a twisted long sword {god gift}
 40451 | Swamp:3  | Identified the +5 long sword "Reijy" {vorpal, Str+3 Dex+5}
                  | (Okawaru gifted it to you on level 3 of the Swamp)
 40844 | Swamp:3  | Reached XP level 18. HP: 166/171 MP: 19/19
 41194 | Swamp:4  | Entered Level 4 of the Swamp
 42682 | Swamp:4  | Noticed Louise
 42701 | Swamp:4  | Killed Louise
 42841 | Swamp:4  | Received a gift from Okawaru
 42850 | Swamp:4  | Identified a +2 pair of boots of running (Okawaru gifted it
                  | to you on level 4 of the Swamp)
 43714 | Swamp:4  | Noticed a bone dragon
 43729 | Swamp:4  | Killed a bone dragon
 43741 | Swamp:4  | Got a decaying rune of Zot
 44031 | Spider:1 | Entered Level 1 of the Spider Nest
 44095 | Lair:2   | Reached skill level 21 in Shields
 45352 | Spider:1 | You fall into a shaft and drop 1 floor!
 45831 | Spider:1 | Received a gift from Okawaru
 46387 | Spider:2 | Noticed Asterion
 46397 | Spider:2 | Killed Asterion
 46703 | Spider:2 | Noticed Donald
 46719 | Spider:2 | Killed Donald
 47647 | Spider:3 | Noticed Arachne
 47658 | Spider:3 | Killed Arachne
 47817 | Spider:3 | Reached XP level 19. HP: 179/179 MP: 20/20
 48002 | Spider:3 | Noticed Aizul
 48010 | Spider:3 | Killed Aizul
 48010 | Spider:3 | Received a gift from Okawaru
 48138 | Spider:4 | Entered Level 4 of the Spider Nest
 48958 | Spider:4 | Reached skill level 22 in Shields
 49127 | Spider:4 | Received a gift from Okawaru
 49413 | Spider:4 | Got a distressingly furry tower shield {god gift}
 49419 | Spider:4 | Identified the +2 tower shield of Old and Reckless {-Cast
                  | rN+++ Regen+ Slay-3} (Okawaru gifted it to you on level 4
                  | of the Spider Nest)
 49667 | Spider:4 | Got a gossamer rune of Zot
 50545 | Vaults:1 | Entered Level 1 of the Vaults
 50990 | Vaults:1 | Got a twitching turquoise ring
 50992 | Vaults:1 | Identified the ring of Tixtuf {Str+4 Dex+6} (You found it
                  | on level 1 of the Vaults)
 51302 | Vaults:1 | Found Jel Roes's Jewellery Shop.
 51338 | Vaults:1 | Bought a cursed ring of attention for 76 gold pieces
 52056 | Vaults:1 | Received a gift from Okawaru
 53753 | Vaults:2 | Reached XP level 20. HP: 169/191 MP: 21/21
 53932 | Vaults:2 | Received a gift from Okawaru
 54608 | Vaults:2 | Reached skill level 23 in Shields
 56386 | Elf:3    | Identified the +6 scale mail of Jasoc {rC++ rN+ Int-2}
 56871 | Elf:3    | Identified the +1 robe of Larib {*Contam rElec rF- Int+7}
 56907 | Elf:3    | Received a gift from Okawaru
 57524 | Elf:3    | Received a gift from Okawaru
 57943 | Elf:3    | Identified the ring "Kulovir" {MR+ Stlth+}
 57943 | Elf:3    | Identified the cursed +1 leather armour of the Salmon
                  | {rPois rN++ MR-}
 58495 | Elf:3    | Identified the +1 rapier of Gluttony {vorpal, rElec rF-
                  | Dex-5 SInv}
 58578 | Elf:3    | Identified the +4 scale mail of Spring Thaw {rF++ Str+3
                  | Int-5}
 58711 | Elf:3    | Identified the Almanac of Earthen Hexes
 58722 | Elf:3    | Got a shimmering hand crossbow
 58723 | Elf:3    | Identified the +7 hand crossbow of Muuheo {penet, Str+2
                  | Dex+3} (You found it on level 3 of the Elven Halls)
 60050 | Vaults:3 | Acquired 560 gold pieces
 60125 | Vaults:3 | Received a gift from Okawaru
 60140 | Vaults:3 | HP: 7/195 [something (14)]
 60529 | Vaults:3 | Noticed Jory
 60550 | Vaults:3 | Killed Jory
 60550 | Vaults:3 | Reached skill level 24 in Shields
 60550 | Vaults:3 | Reached XP level 21. HP: 26/202 MP: 20/22
 60794 | Vaults:3 | Found a ruined gateway.
 61560 | Vaults:3 | Killed from afar by a fire giant

Illustrated notes

Levels and vault maps discovered:
D:1:      saegor_arrival_simple_e, layout_rooms, minivault_24
D:2:      layout_loops_ring, lemuel_doored_altar, uniq_crazy_yiuf_cottage
D:3:      layout_rooms, trog_wizard, uniq_natasha
D:4:      layout_basic, okawaru_gym_becter, minmay_temple_entry_sparse_star,
          ebering_ghost_reflecting_pool, serial_shops, shop
D:5:      layout_rooms, lemuel_coloured_pillars_altar,
          grunt_temple_overflow_gold_and_silver, first_ration,
          minmay_diced_spiral
D:6:      layout_loops_ring
D:7:      layout_cave_pools
D:8:      layout_basic
D:9:      layout_loops_ring, lemuel_crystal_altar, fiery_altar_vehumet,
          minmay_lair_entry_grove, uniq_erolcha
D:10:     layout_cave_pools, basic_altar, st_stairs_14, david_nohive_1,
          uniq_joseph
D:11:     layout_roguey, david_orc_4, hangedman_corner_corridor, uniq_gastronok
D:12:     layout_basic
D:13:     four-leaf_vault, layout_small_grid, gauntlet_entry_generic,
          hangedman_abyss_or_decor_stagger, uniq_jorgrun
D:14:     layout_rooms, skrybe_vaults_entry_preservation,
          nicolae_gozag_seed_capital, uniq_nessos
D:15:     hangedman_depths_entry_civil_slaughter, layout_long_grid,
          hangedman_glass_teeth
Temple:   minmay_freezing_vapour_temple
Lair:1:   layout_misc_corridors, grunt_megastairs_4, uniq_harold
Lair:2:   wad_woods_pond, layout_regular_city, spider_nest_entry_funnel_web,
          st_stairs_10
Lair:3:   layout_cellular_growth, portal_ice_cave_entry_pillars_1, st_stairs_11,
          grunt_forest_large_clearings
Lair:4:   layout_big_grid, palyth_hydra_swamp_entry, minivault_19, st_stairs_7,
          lemuel_oklob_altar
Lair:5:   layout_long_grid, basic_altar
Lair:6:   evilmike_catoblepas_cave, layout_loops_ring, slime_dummy, uniq_kirke
Swamp:1:  layout_falls_marsh, nicolae_swamp_trees_clearing
Swamp:2:  layout_falls_marsh, gammafunk_ghost_split,
          evilmike_swamp_ruin_house_2, swamp_pool1,
          nicolae_swamp_necromancer_hut
Swamp:3:  layout_falls_marsh, nicolae_swamp_rocky_clearing,
          infiniplex_staircase_pool_2
Swamp:4:  swamp_pestilence, layout_basic_swamp, swamp_pool2,
          nicolae_swamp_spriggan_camp, uniq_louise
Spider:1: layout_spider_delve
Spider:2: layout_spider_delve, nicolae_spider_webbed_stairs, uniq_donald,
          uniq_asterion
Spider:3: layout_spider_delve, uniq_arachne, uniq_aizul
Spider:4: spider_rune_water
Orc:1:    cheibrodos_orc_guarddog, layout_caves, serial_shops, shop
Orc:2:    grunt_orc_cross, layout_diamond_mine, rock_pile
Elf:1:    eino_elf_arrival_shootout, layout_loops_cross, enter_trove_3,
          minmay_elf_necromancy
Elf:2:    layout_geoelf_octagon
Elf:3:    elf_hall, layout_gridlike, serial_shops, shop, shop,
          nicolae_shop_stone, shop_statue, grunt_ministairs_11, st_stairs_3
Vaults:1: nicolae_vaults_ring_of_whatevers, serial_ice_h, vaults_room_pools,
          v_alt_pattern_5, vaults_dpeg_ring, vaults_mumra_hexcomb,
          ontoclasm_vaults_decontamination, vaults_standard_mumra_x,
          nicolae_vaults_diagonal_hallway_6, nicolae_vaults_mini_display_case,
          layout_vaults_quadrants, serial_shops, nicolae_shop_crystal
Vaults:2: ontoclasm_vaults_chip, vaults_room_large_hall, vaults_dpeg_spiral,
          ontoclasm_vaults_fault, v_misc_9, nicolae_vaults_border_crossing,
          ontoclasm_vaults_idyll, v_alt_pattern_1,
          vaults_mumra_minichess_inversion, hangedman_vaults_nails,
          hangedman_vaults_stretched_pinwheel, layout_vaults_ring
Vaults:3: nicolae_vaults_bisected_inception, st_octagons_1,
          vaults_room_ringed_pool, v_misc_16, minmay_crypt_entry_simple_corners,
          v_misc_29, nicolae_vaults_network_barrier, grunt_vaults_twisty,
          hangedman_vaults_nodes, ontoclasm_vaults_chip, vaults_room_door_ring,
          layout_vaults_omnibox, basic_altar, portal_desolation_entry_ruin,
          uniq_jory

Skill      XL: |  1  2  3  4  5  6  7  8  9 10 11 12 13 14 15 16 17 18 19 20 21 |
---------------+----------------------------------------------------------------+-----
Armour         | 4 5 6 8 9 10 11 12 13 14 15 16 17 18 | 18.1
Long Blades    | 3 4 5 7 8 10 12 14 15 16 17 18 19 20 21 | 21.7
Shields        | 4 5 6 7 8 9 11 13 14 16 17 19 20 21 22 24 | 24.1
Fighting       | 4 5 6 7 9 10 11 13 14 15 16 17 18 19 20 | 20.8
Dodging        | 1 2 3 4 5 6 |  6.5
Stealth        | 1 2 3 |  3.2
Invocations    | 1 2 3 4 |  4.0
Evocations     | 1 |  1.5

Action                   |  1- 3 |  4- 6 |  7- 9 | 10-12 | 13-15 | 16-18 | 19-21 || total
-------------------------+-------+-------+-------+-------+-------+-------+-------++-------
Melee: Long sword        |   108 |   115 |   383 |   348 |       |       |       ||   954
       Headbutt          |    18 |    21 |    69 |   158 |   501 |   509 |   373 ||  1649
       Scimitar          |       |       |       |   279 |   783 |       |       ||  1062
       Double sword      |       |       |       |       |   592 |  1382 |   962 ||  2936
Invok: Heroism           |       |       |     7 |     4 |    16 |     8 |     4 ||    39
       Finesse           |       |       |       |       |     1 |     2 |       ||     3
Evoke: Wand              |       |     5 |     3 |       |     4 |     6 |       ||    18
  Use: Potion            |     1 |       |     2 |     1 |     3 |     3 |     2 ||    12
       Scroll            |       |       |     4 |     6 |    21 |    14 |    10 ||    55
 Stab: Paralysed         |       |       |       |       |     3 |       |       ||     3
       Confused          |       |       |       |       |       |     1 |       ||     1
  Eat: Chunk             |     2 |     5 |    12 |    14 |    43 |    40 |    41 ||   157
       Ration            |       |       |     2 |     3 |     2 |     5 |       ||    12
Armor: Scale mail        |    43 |    52 |    48 |       |       |       |       ||   143
       Plate armour      |       |       |    76 |   403 |   706 |   759 |   408 ||  2352
Dodge: Dodged            |    37 |    31 |    75 |   185 |   524 |   546 |   370 ||  1768
Block: Kite shield       |    56 |    66 |   175 |   416 |   168 |       |       ||   881
       Buckler           |       |       |       |       |  1023 |  1128 |   870 ||  3021
       Rpst.: Long sword |     7 |     9 |    18 |    38 |       |       |       ||    72
       Scimitar          |       |       |       |    16 |    52 |       |       ||    68
       Double sword      |       |       |       |       |    79 |    97 |    78 ||   254
